 Seeded DCSS version 0.27-a0-789-g6bb3289e1e (webtiles) character file.

Game seed: 20210326 (custom seed)

1622 Snicker the Cutter (level 8, 0/59 HPs)
             Began as a Demonspawn Brigand on Mar 26, 2021.
             Was an Initiate of Gozag.
             Splashed by an acid dragon's acid (8 damage)
             ... on level 6 of the Dungeon.
             The game lasted 00:14:30 (6360 turns).

Snicker the Cutter (Demonspawn Brigand)             Turns: 6360, Time: 00:14:32

Health: 0/59       AC:  8    Str: 12    XL:     8   Next: 65%
Magic:  8/8        EV:  6    Int: 12    God:    Gozag
Gold:   113        SH:  0    Dex: 23    Spells: 7/7 levels left

rFire    . . .     SeeInvis .   a - +2 short sword (drain)
rCold    . . .     Faith    .   (no shield)
rNeg     . . .     Spirit   .   A - +1 chain mail of the Unbroken {Dex+6 Stlth+}
rPois    .         Reflect  .   (no helmet)
rElec    .         Harm     .   c - +0 cloak
rCorr    .         Rampage  .   v - +0 pair of gloves
Will     .....     Clarity  +   (no boots)
Stlth    ++........             (no amulet)
HPRegen  0.19/turn              s - ring of wizardry
MPRegen  0.11/turn              (no ring)

@: corroded, gold aura
A: talons 2, demonic magic 1, clarity, high mp 1, wild magic 1
a: Renounce Religion, Potion Petition, Call Merchant, Bribe Branch


You were on level 6 of the Dungeon.
You worshipped Gozag.
Gozag was aware of your devotion.
You visited 2 branches of the dungeon, and saw 7 of its levels.

You collected 395 gold pieces.
You spent 209 gold pieces at shops.
You paid 73 gold pieces to Gozag.

Inventory:

Hand Weapons
 a - a +2 short sword of draining (weapon)
 g - a +2 dagger
Missiles
 d - 34 poisoned darts (quivered)
 e - 2 curare-tipped darts
 k - 4 atropa-tipped darts
Armour
 b - a +0 robe
 c - a +0 cloak (worn)
 m - a +2 chain mail of poison resistance
 v - a +0 pair of gloves (worn)
 A - the +1 chain mail of the Unbroken (worn) {Dex+6 Stlth+}
   (You bought it in a shop on level 1 of the Dungeon)

   It affects your dexterity (+6).
   It makes you more stealthy.
Jewellery
 s - a ring of wizardry (right hand)
Wands
 q - a wand of iceblast (7)
 r - a wand of flame (12)
 y - a wand of paralysis (2)
Scrolls
 i - 2 scrolls of identify {unknown}
 j - 3 scrolls of teleportation {unknown}
 n - a scroll of enchant weapon {unknown}
 o - 2 scrolls of noise {unknown}
 p - a scroll of amnesia {unknown}
 t - a scroll of acquirement {unknown}
 w - a scroll of enchant armour {unknown}
 z - a scroll of vulnerability {unknown}
Potions
 f - 2 potions of curing
 h - 3 potions of mutation
 l - 2 potions of resistance {unknown}
 u - a potion of flight {unknown}
 x - a potion of brilliance {unknown}
 B - a potion of berserk rage {unknown}


   Skills:
 + Level 3.6 Fighting
 * Level 7.4 Short Blades
 + Level 1.8 Throwing
 + Level 3.6 Armour
 + Level 1.3 Dodging
 * Level 6.1 Stealth
 + Level 1.3 Evocations


You had 7 spell levels left.
You didn't know any spells.
Your spell library was empty.

Dungeon Overview and Level Annotations

Branches:
Dungeon (6/15)             Temple (1/1) D:5

Altars:
Ashenzari
Cheibriados
Dithmenos
Elyvilon
Fedhas
Gozag
Makhleb
Okawaru
Qazlal
Trog
Uskayaw
Vehumet
Zin
The Shining One

Shops:
D:1 [   D:2 *   D:5 *


Innate Abilities, Weirdness & Mutations

You have razor-sharp toenails.
Spells you cast may paralyse adjacent enemies.
You possess an exceptional clarity of mind.
You have an increased reservoir of magic. (+10% MP)
Your spells are a little harder to cast, but a little more powerful.


Message History

The acid dragon is lightly wounded.
The acid dragon bites you but does no damage.
The acid dragon barely misses you.
You hit the acid dragon but do no damage.
You drain the acid dragon.
The acid dragon is moderately wounded.
You hit the acid dragon. You drain the acid dragon.
You claw the acid dragon, but do no damage.
The acid dragon is severely wounded.
The acid dragon spits acid at you. The splash of acid hits you!
You are splashed with acid!
A water moccasin comes into view.
The water moccasin hisses angrily.
Unknown command.
You hit the acid dragon but do no damage.
You drain the acid dragon.
The acid dragon is severely wounded.
The acid dragon spits acid at you. The splash of acid hits you!
* * * LOW HITPOINT WARNING * * *
You are splashed with acid!
* * * LOW HITPOINT WARNING * * *
Unknown command.
You feel better. The acid dragon closely misses you.
The acid dragon barely misses you.
You hit the acid dragon. You drain the acid dragon.
You claw the acid dragon, but do no damage.
The acid dragon is almost dead.
The acid dragon bites you.
* * * LOW HITPOINT WARNING * * *
The acid dragon barely misses you.
You hit the acid dragon but do no damage.
Your kick misses the acid dragon.
The acid dragon is almost dead.
The acid dragon spits acid at you. The splash of acid hits you.
* * * LOW HITPOINT WARNING * * *
You are splashed with acid!
You die...
Your body crumbles into a pile of gold.

########
#####....<.#
#...'......#
#...#......# #..
#......# #. #......#
# #....@.#
#####+##.....D#
.......<....S>..
..................
....................
....................
..................##
.####....#####....#
#....# ..


You could see a water moccasin and an acid dragon (catching breath, drained).

Vanquished Creatures
  Grinder (D:3)
  2 sky beasts (D:6)
  A necrophage (D:5)
  3 ogres
  A black bear (D:5)
  2 phantoms
  A water moccasin zombie (D:4)
  A scorpion (D:4)
  A howler monkey (D:5)
  2 hounds
  A centaur zombie (D:5)
  A jelly (D:4)
  3 bullfrog skeletons (D:5)
  An iguana (D:6)
  2 orc wizards (D:5)
  A hound zombie (D:5)
  6 gnolls
  4 adders
  A howler monkey skeleton (D:4)
  4 worms
  6 dart slugs
  10 orcs
  2 bats
  8 endoplasms
  4 giant cockroaches
  8 goblins
  8 hobgoblins
  3 jackals (D:3)
  7 quokkas
  8 ball pythons
  2 frilled lizards (D:1)
  4 kobolds
  10 rats
119 creatures vanquished.

Vanquished Creatures (others)
  3 ghouls (D:1)
  A minotaur (D:1)
  2 draconians (D:1)
  2 gargoyles (D:1)
  An elf (D:1)
  2 dwarves (D:1)
  An ogre (D:1)
  A centaur (D:1)
  An orc (D:1)
  A kobold (D:1)
  11 tentacles (D:1)
26 creatures vanquished.

Grand Total: 145 creatures vanquished

Notes
Turn   | Place    | Note
-------+----------+-------------------------------------------
     0 | D:1      | Snicker the Demonspawn Brigand began the quest for the Orb.
     0 | D:1      | Reached XP level 1. HP: 16/16 MP: 1/1
     2 | D:1      | Noticed a minotaur
     2 | D:1      | Noticed a gargoyle
     2 | D:1      | Noticed a gargoyle
     2 | D:1      | Noticed a ghoul
     2 | D:1      | Noticed a ghoul
     2 | D:1      | Noticed a centaur
     2 | D:1      | Noticed a kraken
     2 | D:1      | Noticed a draconian
     2 | D:1      | Noticed a draconian
     2 | D:1      | Noticed a dwarf
     2 | D:1      | Noticed an ogre
     2 | D:1      | Noticed an elf
     2 | D:1      | Noticed a dwarf
     2 | D:1      | Noticed a ghoul
     3 | D:1      | Killed a gargoyle
     4 | D:1      | Killed a minotaur
     5 | D:1      | Killed an elf
     6 | D:1      | Killed a gargoyle
    10 | D:1      | Killed a centaur
    10 | D:1      | Killed a ghoul
    12 | D:1      | Killed a draconian
    13 | D:1      | Killed a ghoul
    13 | D:1      | Killed a dwarf
    15 | D:1      | Killed an ogre
    16 | D:1      | Killed a ghoul
    16 | D:1      | Killed a dwarf
    20 | D:1      | Killed a draconian
   156 | D:1      | Gained mutation: You have sharp toenails. [demonic
                  | ancestry]
   156 | D:1      | Reached XP level 2. HP: 5/22 MP: 2/2
   166 | D:1      | Reached skill level 2 in Short Blades
   452 | D:1      | Found Tiwnuturch's Antique Armour Shoppe.
   835 | D:1      | Reached XP level 3. HP: 23/27 MP: 3/3
  1212 | D:2      | Gained mutation: You have razor-sharp toenails. [demonic
                  | ancestry]
  1212 | D:2      | Reached XP level 4. HP: 14/34 MP: 4/4
  1594 | D:2      | Reached skill level 3 in Short Blades
  1798 | D:2      | Found a hide-covered altar of Uskayaw.
  1863 | D:2      | Found Fonumusa's General Store.
  1940 | D:2      | Noticed a phantom
  1969 | D:2      | Killed a phantom
  1970 | D:2      | Reached skill level 1 in Dodging
  1970 | D:2      | Reached XP level 5. HP: 25/39 MP: 5/5
  2843 | D:3      | Noticed Grinder
  2847 | D:3      | Gained mutation: Your spells are a little harder to cast,
                  | but a little more powerful. [potion of mutation]
  2847 | D:3      | Gained mutation: You have an increased reservoir of magic.
                  | (+10% MP) [potion of mutation]
  2847 | D:3      | Gained mutation: You possess an exceptional clarity of
                  | mind. [potion of mutation]
  2851 | D:3      | Paralysed by Grinder for 7 turns
  2861 | D:3      | Killed Grinder
  2862 | D:3      | Reached skill level 4 in Short Blades
  2862 | D:3      | Reached skill level 1 in Armour
  2862 | D:3      | Reached skill level 5 in Stealth
  2862 | D:3      | Gained mutation: Spells you cast may paralyse adjacent
                  | enemies. [demonic ancestry]
  2862 | D:3      | Reached XP level 6. HP: 25/47 MP: 6/6
  3113 | D:4      | Reached skill level 5 in Short Blades
  3113 | D:4      | Reached XP level 7. HP: 32/52 MP: 7/7
  3835 | D:4      | Reached skill level 1 in Evocations
  4083 | D:5      | Entered Level 5 of the Dungeon
  4138 | D:5      | Found a staircase to the Ecumenical Temple.
  4156 | D:5      | HP: 2/52 [phantom (3)]
  4169 | D:5      | Reached skill level 6 in Short Blades
  4178 | Temple   | Entered the Ecumenical Temple
  4557 | Temple   | Became a worshipper of Gozag Ym Sagoz the Greedy
  4633 | D:5      | Reached XP level 8. HP: 44/58 MP: 8/8
  5179 | D:5      | Found Toofu's Assorted Antiques.
  5349 | D:1      | Bought a fading chain mail for 209 gold pieces
  5349 | D:1      | Identified the +1 chain mail of the Unbroken {Dex+6 Stlth+}
                  | (You bought it in a shop on level 1 of the Dungeon)
  5549 | D:5      | Reached skill level 7 in Short Blades
  6360 | D:6      | Splashed by an acid dragon's acid

Illustrated notes

Levels and vault maps discovered:
D:1:      nicolae_arrival_kraken_aquarium_b, layout_basic, serial_shops,
          nicolae_shop_crystal, minmay_pentomino_s4
D:2:      layout_basic, nicolae_overflow_crystal_walls, serial_shops,
          nicolae_shop_waterfront
D:3:      layout_rooms, tso_altar, minivault_24, uniq_grinder
D:4:      layout_basic
D:5:      minmay_skewed_foursquare, layout_layer_cave,
          minmay_temple_entry_glass, serial_shops, shop_statue,
          serial_park_tiny_pond
D:6:      layout_gridville, grunt_temple_overflow_open, gup_sewer_entry_glass
Temple:   regret_index_temple_generic_petals

Skill      XL: |  1  2  3  4  5  6  7  8 |
---------------+-------------------------+-----
Stealth        | 4 5 6 |  6.1
Short Blades   | 2 3 4 5 6 7 |  7.4
Dodging        | 1 |  1.3
Fighting       | 3 |  3.6
Armour         | 1 2 3 |  3.6
Evocations     | 1 |  1.3
Throwing       | |  1.8

Action                   |  1- 3 |  4- 6 |  7- 9 || total
-------------------------+-------+-------+-------++-------
Melee: Dagger            |    29 |       |       ||    29
       Short sword       |    56 |   131 |   195 ||   382
       Kick              |    10 |    27 |    58 ||    95
Throw: Dart              |       |       |     3 ||     3
Evoke: Wand              |       |     4 |       ||     4
  Use: Potion            |       |     1 |     3 ||     4
       Scroll            |       |       |     1 ||     1
 Stab: Sleeping          |     5 |     3 |       ||     8
Armor: Robe              |    12 |     2 |       ||    14
       Chain mail        |       |   103 |   117 ||   220
Dodge: Dodged            |    41 |    32 |    52 ||   125

Table legend: (Time is in decaauts)
 A = Elapsed time spent in this place.
 B = Non-inter-level travel time spent in this place.
 C = Inter-level travel time spent in this place.
 D = Time resting spent in this place.
 E = Time spent auto-exploring this place.
 F = Levels seen in this place.
 G = Mean time per level.
                   A        B        C        D        E       F      G
               +--------+--------+--------+--------+--------+-----+--------+
         Total |   6309 |   5975 |    334 |    730 |   4086 |   7 |  901.3 |
       Dungeon |   5895 |   5621 |    274 |    730 |   3742 |   6 |  982.5 |
        Temple |    413 |    353 |     60 |      0 |    344 |   1 |  413.0 |
               +--------+--------+--------+--------+--------+-----+--------+

Top non-repeatable levels by time:
     D:5: 1542 daAuts
     D:2: 1218 daAuts
     D:1: 1134 daAuts
     D:4: 1009 daAuts
     D:3: 862 daAuts
  Temple: 413 daAuts
     D:6: 128 daAuts
